 Dungeon Crawl Stone Soup version 0.21.1-1-g345015f (webtiles) character file.

23 tidbits the Magician (level 3, 2/28 HPs)
             Began as a Gnoll Wanderer on June 8, 2018.
             Quit the game on level 2 of the Dungeon.
             The game lasted 00:03:34 (231 turns).

tidbits the Magician (Gnoll Wanderer)                Turns: 231, Time: 00:03:35

Health: 2/28       AC:  2    Str: 15 (16) XL:     3   Next: 0%
Magic:  1/9        EV: 13    Int: 11 (13) God:
Gold:   26         SH:  0    Dex: 13 (14) Spells: 5/11 levels left

rFire    . . .     SeeInvis .   b - +0 spear
rCold    . . .     Gourm    .   (no shield)
rNeg     . . .     Faith    .   d - +0 robe
rPois    .         Spirit   .   (no helmet)
rElec    .         Reflect  .   (no cloak)
rCorr    +         Harm     .   (no gloves)
MR       .....                  (no boots)
Stlth    +.........             (no amulet)
HPRegen  0.09/turn              h - ring of resist corrosion
MPRegen  0.11/turn              (no ring)

@: lethally poisoned (2 -> 0)
A: distributed training, fangs 1, strong nose
a: no special abilities


You were on level 2 of the Dungeon.
You were not hungry.

You visited 1 branch of the dungeon, and saw 2 of its levels.

You collected 26 gold pieces.

Inventory:

Hand Weapons
 b - a +0 spear (weapon)
 m - a +0 short sword
Missiles
 e - 18 arrows
Armour
 d - a +0 robe (worn)
 k - a +0 pair of gloves
Jewellery
 h - a ring of resist corrosion (left hand)
   (You found it on level 1 of the Dungeon)
Scrolls
 g - 2 scrolls of identify {unknown}
 j - a scroll of immolation {unknown}
 l - a scroll of amnesia {unknown}
Books
 a - a book of Minor Magic

   Spells                             Type                      Level
   a - Magic Dart                     Conjuration                  1
   b - Blink                          Translocation                2
   c - Call Imp                       Summoning                    2
   d - Slow                           Hexes                        2
   e - Conjure Flame                  Conjuration/Fire             3
   f - Mephitic Cloud                 Conjuration/Poison/Air       3
 c - the Tome of Toxins

   Spells                             Type                      Level
   a - Sting                          Conjuration/Poison           1
   b - Ignite Poison                  Fire/Transmutation/Poison    3
Comestibles
 f - 4 rations


   Skills:
 + Level 2.5 Fighting
 + Level 2.5 Short Blades
 + Level 0.5 Long Blades
 + Level 0.5 Axes
 + Level 0.5 Maces & Flails
 + Level 0.5 Polearms
 + Level 0.5 Staves
 + Level 0.5 Slings
 + Level 0.5 Bows
 + Level 0.5 Crossbows
 + Level 0.5 Throwing
 + Level 0.5 Armour
 + Level 2.5 Dodging
 + Level 0.5 Stealth
 + Level 0.5 Shields
 + Level 0.5 Unarmed Combat
 + Level 4.9 Spellcasting
 + Level 0.4 Conjurations
 + Level 0.4 Hexes
 + Level 0.4 Charms
 + Level 0.4 Summonings
 + Level 0.4 Necromancy
 + Level 0.4 Translocations
 + Level 0.4 Transmutations
 + Level 0.4 Fire Magic
 + Level 2.0 Ice Magic
 + Level 0.4 Air Magic
 + Level 0.4 Earth Magic
 + Level 3.7 Poison Magic
 + Level 0.7 Invocations
 + Level 4.5 Evocations


You had 5 spell levels left.
You knew the following spells:

 Your Spells              Type           Power        Failure   Level  Hunger
a - Sting                 Conj/Pois      #...         9%          1    None
i - Call Imp              Summ           #.......     28%         2    ##.....
m - Mephitic Cloud        Conj/Pois/Air  #.......     34%         3    ###....


Dungeon Overview and Level Annotations

Branches:
Dungeon (2/15)

Altars:


Innate Abilities, Weirdness & Mutations

Your experience applies equally to all skills.
You have very sharp teeth.
Your uncanny sense of smell can sniff out nearby items.


Message History

The frilled lizard is heavily wounded.
The frilled lizard bites you.
* * * LOW HITPOINT WARNING * * *
Attack whom?
Press: ? - help, Dir - move target cursor, f/p - frilled lizard
Aim: a frilled lizard (heavily wounded)
You barely miss the frilled lizard.
The frilled lizard is heavily wounded.
The frilled lizard bites you.
* * * LOW HITPOINT WARNING * * *
Casting: Call Imp
Confirm with . or Enter, or press ? or * to list all spells.
Aiming: Sting
Press: ? - help, Shift-Dir - straight line, f/p - frilled lizard
Aim: a frilled lizard (heavily wounded)
The sting misses the frilled lizard.
The frilled lizard barely misses you.
A goblin comes into view. It is wielding a club.
You barely miss the frilled lizard.
The frilled lizard is heavily wounded.
The frilled lizard misses you.
Your crimson imp blinks!
Attack whom?
Press: ? - help, Dir - move target cursor, f/p - frilled lizard
Aim: a frilled lizard (heavily wounded)
You hit the frilled lizard but do no damage.
The frilled lizard is heavily wounded.
The frilled lizard misses you.
Casting: Sting
Confirm with . or Enter, or press ? or * to list all spells.
A shadowy apparition takes form in the air.
The frilled lizard bites you.
* * * LOW HITPOINT WARNING * * *
Your crimson imp hits the frilled lizard.
The frilled lizard dies!
m - a short sword The goblin hits you but does no damage.
You swap places.
Your crimson imp disappears in a puff of smoke!
Your shadow imp hits the goblin.
The goblin dies!
You have reached level 3!
Your experience leads to an increase in your attributes!
Increase (S)trength, (I)ntelligence, or (D)exterity?
You feel clever.
Memorise Mephitic Cloud, consuming 3 spell levels and leaving 5?
You start memorising the spell.
You continue memorising. x3
You finish memorising.
Spell assigned to 'b'.
Adjust (i)tems, (s)pells, or (a)bilities?
Adjust which spell? b - Mephitic Cloud Adjust to which letter? m - Mephitic Cloud An adder comes into view.
What are your orders? t - Bark!
Orders for allies: a - Attack new target. r - Retreat! s - Stop attacking. g - Guard the area. f - Follow me.
Anything else - Cancel.
Gang up on whom?
Press: ? - help, Dir - move target cursor, f - adder
Aim: an adder (hasn't noticed you) Attack!
Casting: Call Imp
Confirm with . or Enter, or press ? or * to list all spells.
A shadowy apparition takes form in the air.
Casting: Call Imp
Confirm with . or Enter, or press ? or * to list all spells.
Aiming: Sting
Press: ? - help, Shift-Dir - straight line, f/p - adder
Aim: an adder The sting misses the adder.
Casting: Sting
Confirm with . or Enter, or press ? or * to list all spells.
You don't have enough magic to cast that spell.
Attack whom?
Press: ? - help, Dir - move target cursor, f/p - adder
Aim: an adder You reach to attack!
You barely miss the adder.
Your shadow imp closely misses the adder.
The adder bites you.
* * * LOW HITPOINT WARNING * * *
Your shadow imp closely misses the adder.
Your shadow imp misses the adder.
Your shadow imp misses the adder.
Your shadow imp closely misses the adder.
You closely miss the adder. Your bite misses the adder.
The adder bites you but does no damage.
Your shadow imp misses the adder.
The adder bites you.
* * * LOW HITPOINT WARNING * * *
You are lethally poisoned!
The adder poisons you!
It was a potion of degeneration.
There was something very wrong with that liquid.
You feel weakened.
You feel dopey.
You feel clumsy.
* * * LOW HITPOINT WARNING * * *
You feel sick.
Your shadow imp disappears in a puff of smoke!
The adder bites you but does no damage.
Your shadow imp misses the adder.
Are you sure you want to abandon this character and quit the game? (Confirm with "yes".)

#########
#.......###
#..@..)...#
#..S##..#.#
#>.ยง5...# #
#....#.......
#.<..#..#.###
#.........#
#....######
#...## ##.##


You could see an adder and a friendly shadow imp.

Vanquished Creatures
  An adder (D:1)
  A dart slug (D:1)
  A bat (D:1)
  A giant cockroach (D:1)
  2 goblins
  2 hobgoblins (D:1)
  A kobold (D:1)
  A rat (D:1)
10 creatures vanquished.

Vanquished Creatures (collateral kills)
  A goblin (D:2)
  A kobold (D:1)
  A frilled lizard (D:2)
3 creatures vanquished.

Grand Total: 13 creatures vanquished

Notes
Turn   | Place    | Note
-------+----------+-------------------------------------------
     0 | D:1      | tidbits the Gnoll Wanderer began the quest for the Orb.
     0 | D:1      | tidbits set off with: a book of Minor Magic, a +0 spear, the Tome of Toxins, a +0 robe, a ration
     0 | D:1      | Reached XP level 1. HP: 17/17 MP: 6/6
     0 | D:1      | Identified the Tome of Toxins
     2 | D:1      | Learned a level 1 spell: Sting
    63 | D:1      | Reached skill level 2 in Ice Magic
    63 | D:1      | Reached XP level 2. HP: 17/23 MP: 2/7
    67 | D:1      | Learned a level 2 spell: Call Imp
   214 | D:2      | Reached XP level 3. HP: 9/28 MP: 2/9
   219 | D:2      | Learned a level 3 spell: Mephitic Cloud
   230 | D:2      | HP: 2/28 [poisoned by an adder]
   231 | D:2      | Quit the game

Skill      XL: |  1 |
---------------+----+-----
Ice Magic      | 2 |  2.0
Fighting       | |  2.5
Short Blades   | |  2.5
Long Blades    | |  0.5
Axes           | |  0.5
Maces & Flails | |  0.5
Polearms       | |  0.5
Staves         | |  0.5
Slings         | |  0.5
Bows           | |  0.5
Crossbows      | |  0.5
Throwing       | |  0.5
Armour         | |  0.5
Dodging        | |  2.5
Stealth        | |  0.5
Shields        | |  0.5
Unarmed Combat | |  0.5
Spellcasting   | |  4.9
Conjurations   | |  0.4
Hexes          | |  0.4
Charms         | |  0.4
Summonings     | |  0.4
Necromancy     | |  0.4
Translocations | |  0.4
Transmutations | |  0.4
Fire Magic     | |  0.4
Air Magic      | |  0.4
Earth Magic    | |  0.4
Poison Magic   | |  3.7
Invocations    | |  0.7
Evocations     | |  4.5

Action                   || total
-------------------------++-------
Melee: Spear             ||    23
 Cast: Sting             ||    11
       Call Imp          ||     5
  Use: Potion            ||     1
Armor: Robe              ||     9
Dodge: Dodged            ||    15

Table legend:
 A = Turns spent in this place as a percentage of turns spent in the entire game.
 B = Non-inter-level travel turns spent in this place as a percentage of non-inter-level travel turns spent in the entire game.
 C = Inter-level travel turns spent in this place as a percentage of turns spent in this place.
 D = Turns resting spent in this place as a percentage of non-inter-level travel turns spent in this place.
 E = Turns spent auto-exploring this place as a percentage of non-inter-level travel turns spent in this place.
 F = Non-inter-level travel turns spent in this place divided by the number of levels of this place that you've seen.
                   A       B       C       D       E      F
               +-------+-------+-------+-------+-------+----------------------
         Total | 100.0 | 100.0 |   0.0 |   0.0 |   0.0 | 115.5
       Dungeon | 100.0 | 100.0 |   0.0 |   0.0 |   0.0 | 115.5
               +-------+-------+-------+-------+-------+----------------------

Table legend:
 A = Kills in this place as a percentage of kills in entire the game.
 B = Kills by you in this place as a percentage of kills by you in the entire game.
 C = Kills by friends in this place as a percentage of kills by friends in the entire game.
 D = Other kills in this place as a percentage of other kills in the entire game.
 E = Experience gained in this place as a percentage of experience gained in the entire game.
 F = Experience gained in this place divided by the number of levels of this place that you have seen.
                   A       B       C       D       E      F
               +-------+-------+-------+-------+-------+----------------------
         Total | 100.0 | 100.0 | 100.0 |   N/A | 100.0 |  17.0
       Dungeon | 100.0 | 100.0 | 100.0 |   N/A | 100.0 |  17.0
               +-------+-------+-------+-------+-------+----------------------

Vault maps used:
D:1:      dpeg_arrival_prison
D:2:      nemelex_xobeh_ov_fountains_minmay, lemuel_round_altar
